AoeStats
← ALT1221

Black Forest

503263173Analyzed
4v4 RM · 10d ago on Aug 30, 2026· 60m 51s· 8 players
Game mode
Random Map
Map size
Large (8 player)
Population
200
Speed
Normal
Resources
Standard
Victory
Conquest
Starting age
Dark Age
Ending age
Imperial Age
RankedLock teamsTeams togetherTeam positionsShared explorationLock speedFull tech treeHidden civsTurbo modeCheats
Victory
Defeat
🇵🇱 Burmese · Poland
746
+5
🇯🇴 Koreans · Jordan
709
+6
🇯🇴 Bengalis · Jordan
689
+7
🇯🇴 Huns · Jordan
681
+7
🇺🇸 Turks · United States
542
-9
🇦🇷 Magyars · Argentina
495
-7
🇨🇱 Sicilians · Chile
418
-5
🇨🇴 Chinese · Colombia
366
-4
ALT1221
0:49 Loom
12:01 Feudal Age
13:20 Wheelbarrow
12:34 Double-Bit Axe
13:04 Horse Collar
19:45 Town Watch
25:22 Castle Age
23:19 Stone Mining
25:22 Bloodlines
26:53 Husbandry
27:28 Forging
27:45 Scale Barding Armor
28:06 Fervor
28:53 Caravan
29:10 Fletching
29:54 Bodkin Arrow
32:20 Iron Casting
36:46 Imperial Age
35:42 Heavy Plow
35:56 Bow Saw
36:39 Gold Mining
37:17 Scale Mail Armor
37:40 Chain Barding Armor
37:48 Bracer
39:01 Two-Man Saw
39:05 Conscription
39:17 Fortified Wall
41:04 Ballistics
41:05 Bombard Tower
44:25 Artillery
44:42 Arrowslits
44:52 Murder Holes
44:38 Treadmill Crane
45:31 Hand Cart
45:47 Sipahi
45:54 Guilds
48:06 Blast Furnace
47:43 Plate Barding Armor
47:25 Chain Mail Armor
49:53 Elite Janissary
54:19 Plate Mail Armor
AirFox
0:52 Loom
12:45 Feudal Age
19:42 Stone Mining
19:44 Gold Mining
19:46 Horse Collar
24:33 Castle Age
26:28 Forging
26:20 Scale Mail Armor
26:21 Padded Archer Armor
26:11 Fletching
33:28 Iron Casting
33:09 Chain Mail Armor
33:11 Leather Archer Armor
32:47 Fletching
33:14 Masonry
35:01 Heavy Plow
34:50 Double-Bit Axe
35:44 Stone Shaft Mining
39:29 Imperial Age
38:41 Town Watch
39:43 Caravan
40:14 Coinage
40:16 Heated Shot
41:44 Chemistry
41:57 Blast Furnace
41:41 Plate Mail Armor
41:22 Bodkin Arrow
42:37 Wheelbarrow
42:40 Onager
44:53 Gold Shaft Mining
45:39 Crop Rotation
45:23 Bow Saw
46:55 Town Patrol
47:11 Hand Cart
47:33 Banking
47:14 Guilds
47:31 Ballistics
47:19 Arrowslits
47:31 Murder Holes
47:37 Pikeman
48:05 Elite Serjeant
49:11 First Crusade
49:10 Halberdier
Vivitch
1:58 Loom
13:27 Feudal Age
14:14 Town Watch
15:05 Wheelbarrow
20:01 Scale Mail Armor
20:07 Scale Barding Armor
20:04 Padded Archer Armor
20:12 Double-Bit Axe
20:44 Forging
22:16 Gold Mining
24:21 Stone Mining
27:12 Castle Age
25:15 Horse Collar
27:00 Man-at-Arms
27:27 Arson
29:15 Stone Shaft Mining
29:16 Gold Shaft Mining
29:16 Town Patrol
30:33 Chain Mail Armor
30:34 Leather Archer Armor
32:05 Atonement
32:16 Fervor
32:08 Devotion
32:24 Heavy Plow
33:17 Hand Cart
34:12 Bow Saw
36:46 Pikeman
36:48 Long Swordsman
37:30 Squires
38:11 Iron Casting
37:27 Fletching
37:59 Chain Barding Armor
40:38 Bodkin Arrow
40:43 Murder Holes
41:00 Fortified Wall
46:23 Imperial Age
44:36 Elite Skirmisher
44:37 Crossbowman
45:24 Thumb Ring
44:42 Light Cavalry
45:25 Husbandry
45:52 Guard Tower
46:24 Ballistics
46:17 Masonry
47:15 Two-Handed Swordsman
Marta13
0:47 Loom
13:39 Feudal Age
18:30 Castle Age
17:22 Double-Bit Axe
21:30 Wheelbarrow
21:32 Stone Mining
22:58 Bow Saw
24:09 Horse Collar
25:59 Caravan
26:12 Gold Mining
29:18 Fletching
29:39 Murder Holes
31:21 Town Watch
32:21 Arson
33:00 Crossbowman
33:41 Pikeman
38:28 Imperial Age
38:21 Thumb Ring
38:34 Bodkin Arrow
38:40 Padded Archer Armor
38:42 Scale Mail Armor
38:48 Scale Barding Armor
39:18 Elite Skirmisher
40:46 Conscription
43:16 Heavy Plow
44:50 Hand Cart
45:44 Crop Rotation
45:32 Husbandry
46:47 Gold Shaft Mining
46:44 Bracer
47:18 Cavalier
48:10 Bloodlines
48:21 Halberdier
59:46 Ballistics
El maton
11:57 Loom
14:04 Feudal Age
14:28 Horse Collar
14:37 Double-Bit Axe
20:24 Castle Age
26:18 Heavy Plow
29:04 Bow Saw
32:19 Forging
32:14 Scale Barding Armor
32:10 Stone Mining
32:14 Gold Mining
36:29 Imperial Age
35:29 Gold Shaft Mining
38:15 Two-Man Saw
37:53 Iron Casting
39:41 Conscription
39:36 Marauders
40:43 Chain Barding Armor
41:23 Blast Furnace
40:05 Cavalier
40:47 Husbandry
43:03 Paladin
44:45 Plate Barding Armor
46:46 Ballistics
47:26 Chemistry
47:18 Wheelbarrow
47:54 Bloodlines
47:19 Light Cavalry
48:29 Hand Cart
48:07 Town Watch
49:15 Elite Tarkan
56:44 Hussar
Dr. Thrax
14:04 Feudal Age
15:20 Wheelbarrow
14:32 Horse Collar
17:01 Double-Bit Axe
23:32 Castle Age
22:12 Padded Archer Armor
23:28 Fletching
23:34 Stone Mining
23:41 Gold Mining
25:03 Bow Saw
24:59 Heavy Plow
26:48 Hand Cart
36:04 Bodkin Arrow
36:24 Leather Archer Armor
36:57 Ballistics
40:47 Imperial Age
39:46 Leather Archer Armor
39:28 Bodkin Arrow
38:57 Elite Skirmisher
39:31 Crossbowman
41:49 Conscription
42:36 Arbalester
46:06 Caravan
47:41 Chemistry
46:57 Fortified Wall
50:11 Pikeman
51:27 Bracer
51:57 Ring Archer Armor
amer2005ok
0:36 Loom
13:12 Feudal Age
13:41 Double-Bit Axe
18:22 Castle Age
25:01 Horse Collar
25:44 Bow Saw
26:13 Heavy Plow
27:59 Gold Mining
27:59 Stone Mining
28:33 Caravan
31:15 Gold Shaft Mining
34:31 Wheelbarrow
34:42 Stone Shaft Mining
39:00 Imperial Age
37:40 Forging
37:21 Fletching
37:30 Town Watch
38:06 Hand Cart
39:26 Bodkin Arrow
39:38 Eupseong
40:19 Town Patrol
40:39 Masonry
40:34 Siege Engineers
40:25 Murder Holes
40:40 Fortified Wall
40:11 Treadmill Crane
40:22 Heated Shot
40:55 Ballistics
41:36 Chemistry
41:06 Elite War Wagon
42:22 Architecture
41:54 Bracer
43:29 Shinkichon
42:38 Heavy Rocket Cart
44:40 Iron Casting
44:11 Scale Barding Armor
55:47 Capped Ram
60:29 Husbandry
59:49 Cavalier
59:50 Light Cavalry
ziuta77920
3:36 Loom
3:42 Loom
14:49 Feudal Age
15:17 Horse Collar
19:33 Castle Age
23:24 Heavy Plow
25:21 Gold Mining
25:54 Caravan
31:58 Wheelbarrow
35:11 Hand Cart
39:45 Imperial Age
38:14 Squires
38:00 Gambesons
38:00 Arson
38:24 Husbandry
38:35 Bloodlines
38:45 Stone Mining
39:30 Gold Shaft Mining
39:41 Gold Shaft Mining
38:53 Man-at-Arms
41:16 Crop Rotation
40:34 Elite Battle Elephant
41:35 Howdah
43:06 Chemistry
45:55 Elite Arambai
48:21 Scale Barding Armor
48:29 Forging
48:20 Scale Mail Armor
57:50 Manipur Cavalry
57:56 Manipur Cavalry
Connection lost

Rejoining the realm…

Still unreachable

The connection could not be restored.

Session expired

The server has moved on; the page needs a fresh start.